[Event "3rd Avagyan Memorial 2022"]
[Site "Jermuk"]
[Date "2022.06.24"]
[Round "5.4"]
[White "Tabatabaei, M. Amin"]
[Black "Martirosyan, Haik M."]
[Result "1/2-1/2"]
[ECO "C50"]
[WhiteElo "2650"]
[BlackElo "2652"]
[Annotator "TA"]
[PlyCount "56"]
[EventDate "2022.06.20"]
[EventType "tourn"]
[EventCountry "ARM"]
[SourceTitle "playchess.com"]
[Source "ChessBase"]
[SourceQuality "1"]
[TimeControl "40/5400+30:1800+30"]

1. e4 e5 2. Nf3 Nc6 3. Bc4 Bc5 4. d3 Nf6 5. Nc3 a6 6. O-O {[%emt 0:00:43] C50: Hungarian Defence and Giuoco Pianissimo.} d6 $1 {[%emt 0:01:20] The main line 6...d6 scores better than 6...h6.} 7. a4 Be6 8. Nd5 h6 {[%emt 0:01:12] [#]} 9. c3 $146 {[%emt 0:00:48] [#] Threatens to win with d4.} ({Predecessor:} 9. Nxf6+ Qxf6 10. Bxe6 Qxe6 11. c3 a5 12. Re1 O-O-O 13. d4 exd4 14. cxd4 Nxd4 15. Nxd4 {0-1 (57) Lemos,C (1689)-Jabour,R (1719) Campo Grande 2016}) 9... Ba7 10. Nxf6+ (10. Be3 {feels hotter.} Bxe3 11. Nxf6+ Qxf6 12. fxe3 Bxc4 13. Nd2) 10... Qxf6 11. Bxe6 Qxe6 12. Be3 O-O 13. Nh4 Ne7 14. Bxa7 Rxa7 15. d4 Raa8 16. Re1 Rad8 17. a5 Rfe8 {[%emt 0:07:07] The position is equal.} 18. h3 exd4 19. cxd4 c5 20. Nf3 cxd4 21. Qxd4 d5 22. exd5 Qxd5 23. Qxd5 Nxd5 24. Rxe8+ Rxe8 $11 {[%emt 0:00:07] KRN-KRN} 25. Rd1 Nf6 26. Kf1 Rc8 27. b4 Kf8 28. Rd4 Ke7 {[%emt 0:01:06] An interesting draw.  Weighted Error Value: White=0.03 (flawless) /Black=0.04 (flawless)} 1/2-1/2

[Event "3rd Avagyan Memorial 2022"]
[Site "Jermuk"]
[Date "2022.06.24"]
[Round "5.5"]
[White "Ter-Sahakyan, Samvel"]
[Black "Petrosyan, Manuel"]
[Result "1-0"]
[ECO "E49"]
[WhiteElo "2640"]
[BlackElo "2638"]
[Annotator "TA"]
[PlyCount "75"]
[EventDate "2022.06.20"]
[EventType "tourn"]
[EventCountry "ARM"]
[SourceTitle "playchess.com"]
[Source "ChessBase"]
[SourceQuality "1"]
[TimeControl "40/5400+30:1800+30"]

1. d4 Nf6 2. c4 e6 3. Nc3 Bb4 4. e3 O-O 5. Bd3 d5 6. a3 Bxc3+ 7. bxc3 dxc4 8. Bxc4 c5 9. Ne2 Qc7 10. Bd3 Nc6 11. O-O {[%emt 0:00:19] E49: Nimzo-Indian: Rubinstein: 5 Bd3 d5 6 a3 Bxc3+ 7 bxc3.} e5 ({Resist} 11... Ng4 12. Nf4 Nf6 13. Nh5 $14 (13. dxc5 Ne5 $11)) (11... c4 12. Bxc4 e5 13. Bd3 $16) 12. Ng3 $1 {[%emt 0:00:19][%mdl 4] outshines the older 12.Bb2.} Be6 13. f4 {[%emt 0:00:46] The position is equal.} exd4 14. cxd4 Rad8 15. Rb1 {[%emt 0:00:19] [#]} a6 $146 ({Predecessor:} 15... Rfe8 16. Nh5 Nxh5 17. Qxh5 f5 18. dxc5 Ne7 19. Bb2 Bf7 20. Qg5 Bg6 21. Bc4+ Kh8 {1-0 (34) Sarana,A (2675)-Kollars,D (2635) Chess.com INT 2022}) 16. h3 (16. f5 $5 Bd5 17. e4 $15 (17. dxc5 $2 Ne5 $19)) 16... b5 17. Bb2 cxd4 {[%emt 0:03:36] Strongly threatening ...Nd5.} 18. Rc1 dxe3 $2 {[%emt 0:16:16][%mdl 8192] Loses the game.} (18... Qb6 $11 19. Qf3 Bc4 20. Bxc4 bxc4 21. Rxc4 Qxb2 22. Rxc6 dxe3 23. Qxe3 Rd2) 19. Bxf6 $18 {[%emt 0:17:34][%cal Od3h7] Bxh7+! would kill now.} gxf6 $2 {[%emt 0:02:00] [#]} (19... e2 20. Qxe2 gxf6) 20. Qh5 $1 {[%emt 0:06:24][%csl Gd3][%cal Rh5h7] White is clearly winning.} Rxd3 {[%emt 0:00:06] [#]} 21. Qh6 $1 {[%emt 0:00:03] Intending Nh5 and mate.} Rd5 22. Ne4 Qe7 23. Nxf6+ Qxf6 24. Qxf6 {[%emt 0:00:03] aiming for Rf3.} Nd4 {[%emt 0:00:36] Inhibits Rf3.} 25. Rfe1 e2 26. Rc3 {[%emt 0:00:26][%cal Bc1c3,Bc3g3,Bg3g7][%mdl 32] White wants to mate with Rg3+.} Rc8 27. Rg3+ Kf8 28. Rg7 Ke8 29. Rxh7 Rc4 30. Rh8+ Kd7 31. Rd8+ Kc6 32. Rxd5 Kxd5 33. Qe5+ Kc6 34. h4 Bg4 35. h5 Bxh5 36. Qxh5 f5 37. Qe8+ Kb6 38. Qd8+ {[%emt 0:00:09] Weighted Error Value: White=0.03 (flawless) /Black=0.61} 1-0

[Event "3rd Avagyan Memorial 2022"]
[Site "Jermuk"]
[Date "2022.06.25"]
[Round "6.1"]
[White "Niemann, Hans Moke"]
[Black "Petrosyan, Manuel"]
[Result "1/2-1/2"]
[ECO "C55"]
[WhiteElo "2656"]
[BlackElo "2638"]
[Annotator "TA"]
[PlyCount "136"]
[EventDate "2022.06.20"]
[EventType "tourn"]
[EventCountry "ARM"]
[SourceTitle "playchess.com"]
[Source "ChessBase"]
[SourceQuality "1"]
[TimeControl "40/5400+30:1800+30"]

1. e4 e5 2. Nf3 Nc6 3. Bc4 Nf6 4. d3 Be7 5. O-O O-O 6. Re1 d6 7. a4 Na5 8. Ba2 {[%emt 0:00:19] C55: Two Knights: 4 d3, 4 d4 exd4 5 e5 and Max Lange Attack.} c5 9. c3 Nc6 10. Na3 {[%emt 0:02:47][%cal Bb1a3,Ba3c4,Bc4e3,Be3d5][%mdl 32] White has an edge.} a6 11. Bd2 Rb8 12. Nc4 b5 13. axb5 axb5 14. Ne3 b4 {[%emt 0:00:11] [#]} 15. Nd5 $146 ({Predecessor:} 15. h3 Bd7 16. Nh2 bxc3 17. bxc3 Be6 18. Bd5 Qc8 19. Nhg4 Nxg4 20. hxg4 Re8 21. Qa4 {1-0 (30) Gascon del Nogal,J (2496)-Diezma Aganzo,J (2242) Madrid 2018}) 15... Bd7 16. h3 h6 17. Kh2 Nxd5 18. exd5 bxc3 19. bxc3 Na7 20. d4 exd4 21. cxd4 Bf6 22. dxc5 Bxa1 23. Qxa1 dxc5 24. Bc3 f6 {[%emt 0:00:37] White must now prevent ...Nb5.} 25. d6+ Kh8 {[%emt 0:00:29] And now ...Bf5 would win.} 26. Nh4 {[%emt 0:37:31] Inhibits Bf5.} Be8 $1 {[%emt 0:01:12] [#] Strongly threatening ...Nb5.} (26... Re8 $2 27. Re7 Rxe7 28. dxe7 $18) 27. Rd1 $1 Nc6 {[%emt 0:17:29] ...Ra8 is the strong threat.} 28. d7 Bf7 {[%emt 0:02:32] Hoping for ...Ra8.} 29. Bb1 $1 Ra8 30. Qb2 {[%emt 0:00:11] [#] aiming for Qc2.} Qb8+ $1 31. Qxb8 {[%emt 0:00:52] The board is on fire.} Raxb8 32. Be4 {[%emt 0:02:29] A strong pair of Bishops.} Nd4 33. Bxd4 cxd4 34. Rxd4 Rfd8 35. Ng6+ Bxg6 36. Bxg6 $11 {[%emt 0:00:02][%mdl 4096] Endgame KRR-KRB} Kg8 37. h4 Rb7 38. Bf5 h5 39. g4 hxg4 40. Kg3 g6 41. Rxg4 Rbxd7 ({Don't play} 41... Rb3+ 42. f3 Kf8 43. Rxg6 $16) (41... g5 {is interesting.} 42. hxg5 fxg5 43. Rxg5+ Kf7) 42. Bxd7 Rxd7 43. Rxg6+ {[%emt 0:00:04] KR-KR} Kf7 44. Rg4 Rd5 45. Kf3 Rf5+ 46. Rf4 Ra5 47. Kg4 Kg6 48. Rd4 Rb5 49. Kg3 Rb3+ 50. f3 Rb5 51. Rg4+ Kf7 52. Kh3 Rf5 53. Rg3 Ra5 54. Rg2 Rb5 55. Rh2 Kg6 56. Kg4 Rb4+ 57. Kg3 Rb5 58. Ra2 Rc5 59. Ra6 Rb5 60. Kg4 Rb4+ {The position is equal.} 61. f4 Rb5 {Prevents h5+.} 62. Ra3 f5+ 63. Kh3 Rb4 64. Rg3+ Kh6 65. Rf3 (65. Rg5 $5 ) 65... Kh5 66. Kg3 Rb8 67. Kh3 Rb4 68. Kg3 Rb8 {Weighted Error Value: White=0.03 (flawless) /Black=0.03 (flawless)} 1/2-1/2

[Event "3rd Avagyan Memorial 2022"]
[Site "Jermuk"]
[Date "2022.06.25"]
[Round "6.2"]
[White "Martirosyan, Haik M."]
[Black "Ter-Sahakyan, Samvel"]
[Result "1-0"]
[ECO "E00"]
[WhiteElo "2652"]
[BlackElo "2640"]
[Annotator "TA"]
[PlyCount "77"]
[EventDate "2022.06.20"]
[EventType "tourn"]
[EventCountry "ARM"]
[SourceTitle "playchess.com"]
[Source "ChessBase"]
[SourceQuality "1"]
[TimeControl "40/5400+30:1800+30"]

1. d4 Nf6 2. c4 e6 3. Bg5 h6 4. Bh4 Bb4+ 5. Nd2 g5 6. Bg3 Ne4 7. Ngf3 Nc6 8. a3 {[%emt 0:01:00] E00: Catalan Bogo-Indian (3 g3 Bb4+).} Bxd2+ 9. Nxd2 Nxg3 10. hxg3 {[%emt 0:00:09][%cal Bh2g3,Bg3g4][%mdl 32] The position is equal.} Nxd4 11. Ne4 Nf5 {[%emt 0:18:35] [#]} ({Better is} 11... Nc6 $11) 12. g4 $146 ({Predecessor:} 12. Qd2 f6 13. c5 d5 14. cxd6 Nxd6 15. Rd1 Qe7 16. Nxd6+ cxd6 17. Qxd6 Qxd6 18. Rxd6 Ke7 19. Rd2 Bd7 20. e3 Bc6 {½-½ (20) Schoenbuchner,G (2095)-Valverde Toresano,A (2290) IECG email 1997}) 12... d5 13. cxd5 {[%emt 0:12:29] White is more active.} exd5 14. Nc3 (14. gxf5 $16 dxe4 15. Qa4+ Kf8 16. g4) 14... d4 $11 15. Qa4+ Bd7 16. Qa5 c5 17. Qxc5 $14 Qe7 {[%emt 0:00:03] Prevents Qe5.} 18. Qxe7+ Nxe7 19. Ne4 Nc6 20. Nxg5 $1 Bxg4 21. Rh4 h5 22. f3 Bf5 23. b4 a6 24. Rc1 Ke7 25. Rc5 Bg6 26. Nh3 Rad8 27. Nf4 Rd6 (27... Rhe8 $142) 28. g4 $16 b6 29. Nd5+ Ke6 30. Nxb6 Nxb4 {[%emt 0:00:38] Hoping for ...Nc2+.} 31. Nc4 $36 {[%emt 0:01:10][%mdl 2048] White is on the roll.} Nc2+ 32. Kd2 Rd5 33. Rxd5 {[%emt 0:04:36] Chess con chili.} (33. Rc6+ {with more complications.} Ke7 34. f4 Ne3 35. Nxe3 dxe3+ 36. Kxe3 Re8 37. Rxa6 hxg4 38. Rxg4 Kf8+ 39. Kf2) 33... Kxd5 {[%emt 0:00:03] [#]} 34. gxh5 $1 Bh7 (34... Kxc4 $2 {[#]} 35. hxg6 $1 Rxh4 36. g7 $18) (34... Rxh5 $2 35. Rxh5+ Bxh5 36. e4+ (36. Kxc2 Kxc4 37. e3+ Kc5 $11) 36... dxe3+ 37. Kxc2 $18) (34... Bxh5 $16 {might work better.} 35. Nb2 (35. e4+ dxe3+ 36. Nxe3+ Nxe3 $16) 35... Nxa3) 35. e4+ $18 dxe3+ 36. Nxe3+ Nxe3 37. Kxe3 {[%emt 0:00:05] Ra4 is the strong threat.} Rc8 (37... Kd6 {was necessary.} 38. Rd4+ (38. Bxa6 Ra8 $18) 38... Ke7) 38. Ra4 ({Resist} 38. Bxa6 $6 Rc3+ 39. Kf2 Rxa3 $18) ({Don't take} 38. Rd4+ $6 Ke5 $18) 38... Rc1 39. Ra5+ {[%emt 0:02:33] Weighted Error Value: White=0.05 (flawless) /Black=0.22 (precise)} 1-0

[Event "3rd Avagyan Memorial 2022"]
[Site "Jermuk"]
[Date "2022.06.25"]
[Round "6.4"]
[White "Gharibyan, Mamikon"]
[Black "Nguyen, Thai Dai Van"]
[Result "1/2-1/2"]
[ECO "D12"]
[WhiteElo "2487"]
[BlackElo "2612"]
[Annotator "TA"]
[PlyCount "110"]
[EventDate "2022.06.20"]
[EventType "tourn"]
[EventCountry "ARM"]
[SourceTitle "playchess.com"]
[Source "ChessBase"]
[SourceQuality "1"]
[TimeControl "40/5400+30:1800+30"]

1. d4 d5 2. c4 c6 3. Nf3 Nf6 4. e3 Bf5 5. Nc3 e6 6. Nh4 Bg6 7. Nxg6 hxg6 8. g3 {[%emt 0:01:15] Recently 8.Rb1 got a lot of attention. D12: Slav Defence: 3 Nf3 Nf6 4 e3 Bf5.} Nbd7 9. Qc2 Bb4 10. Bd2 Bxc3 11. Bxc3 Ne4 12. Bg2 Nxc3 13. Qxc3 {[%emt 0:01:29] [#]} a5 $146 ({Predecessor:} 13... f5 14. O-O-O Nb6 15. b3 Qe7 16. Kb1 a5 17. c5 Nd7 18. f3 Kf7 19. e4 Rhb8 {0-1 (49) Tregubov,P (2646)-Wang,Y (2736) Kallithea 2008}) 14. O-O O-O 15. b3 Qe7 16. a3 Rfc8 17. Rfb1 Nf6 18. a4 g5 19. h3 c5 20. cxd5 exd5 21. dxc5 Rxc5 22. Qe1 Rac8 23. b4 Rc2 (23... axb4 $11 24. Rxb4 R8c7) 24. bxa5 $16 Ne4 25. Bxe4 dxe4 26. Rc1 Qe6 (26... Qd7 $16 {was called for.}) 27. Rxc2 $18 Rxc2 {[%emt 0:00:02][%mdl 4096] Endgame KQR-KQR} 28. Qd1 Rc5 29. Kg2 (29. Rb1 $18 {and White stays clearly on top.}) 29... Rd5 (29... Qf5 $142) 30. Qb3 $16 Qd7 31. Qb4 Qf5 32. Qxb7 Rxa5 33. Qb4 (33. Kg1 $18) 33... Ra6 34. Qe1 (34. Kg1 $16) 34... Rh6 $11 35. Qh1 Ra6 (35... Rd6 $14) 36. Qf1 (36. Qd1 $1 $18) 36... Rh6 $16 37. g4 $1 $36 {[%emt 0:00:38][%mdl 2048] White is in control.} ({Much weaker is} 37. Kh2 $6 g4 $11) 37... Qf3+ {[%emt 0:00:27][%mdl 64] Deflection, Double Attack} 38. Kg1 $1 {[%emt 0:00:29] a5 is the strong threat.} ({Of course not} 38. Kh2 $6 Qxg4 39. a5 Qf3 $11) 38... Rxh3 39. Qg2 {[%emt 0:00:01] Prevents Qh1+.} Qxg2+ 40. Kxg2 {[%emt 0:00:00] KR-KR} Rh6 41. a5 (41. Rd1 $16) 41... Ra6 $14 42. Kf1 Kf8 43. Ra4 Ke7 $2 (43... f5 $16 {is a better defense.}) 44. Rxe4+ $18 Kd6 45. Ra4 Kc5 46. Kg2 Kb5 47. Rd4 Kc5 {[%emt 0:00:30] [#]} 48. Ra4 ({Don't take} 48. Rd7 $6 f6 $16) (48. Re4 $1 $18 {is the precise move to win.}) 48... Kb5 $16 {[%emt 0:00:30] [#]} 49. Re4 {[%emt 0:00:30] Hoping for Re5+.} Kc5 $2 (49... f6 $16) 50. Re7 $2 (50. Re5+ $18 Kb4 51. Rxg5) 50... f6 $14 51. Rxg7 Kd6 $1 52. f4 gxf4 53. exf4 Rxa5 54. f5 ({Better is} 54. Kf3 $16) 54... Ra3 $11 55. g5 {[%emt 0:00:30] Threatens to win with Rg6.} Ke5 {[%emt 0:00:15] Weighted Error Value: White=0.32/Black=0.26 (precise)} 1/2-1/2

[Event "3rd Avagyan Memorial 2022"]
[Site "Jermuk"]
[Date "2022.06.25"]
[Round "6.5"]
[White "Nihal Sarin"]
[Black "Donchenko, Alexander"]
[Result "1/2-1/2"]
[ECO "D12"]
[WhiteElo "2646"]
[BlackElo "2599"]
[Annotator "TA"]
[PlyCount "35"]
[EventDate "2022.06.20"]
[EventType "tourn"]
[EventCountry "ARM"]
[SourceTitle "playchess.com"]
[Source "ChessBase"]
[SourceQuality "1"]
[TimeControl "40/5400+30:1800+30"]

1. d4 d5 2. c4 c6 3. Nf3 Nf6 4. e3 Bf5 5. Nc3 e6 6. Be2 h6 {[%emt 0:00:41] The position is equal.} 7. Bd3 {[%emt 0:00:05] D12: Slav Defence: 3 Nf3 Nf6 4 e3 Bf5.} Bxd3 8. Qxd3 Be7 9. O-O O-O 10. Rd1 Nbd7 11. e4 dxe4 12. Nxe4 {[%emt 0:00:07] [#]} c5 $146 ({Predecessor:} 12... Nxe4 13. Qxe4 Re8 14. Bf4 Qa5 15. Rd3 Qf5 16. Qxf5 exf5 17. Re1 g5 18. Rde3 Kf8 19. Rxe7 Rxe7 {1-0 (48) Erdogdu,M (2409)-Soysal,S (2402) Suleymanpasa 2017}) 13. Be3 cxd4 14. Bxd4 Qc7 15. b3 Rfd8 16. Nxf6+ Bxf6 17. Bxf6 Nxf6 18. Qe2 {[%emt 0:00:03] An even fight not without its subleties.  Weighted Error Value: White=0.03 (flawless) /Black=0.02 (flawless)} 1/2-1/2

[Event "3rd Avagyan Memorial 2022"]
[Site "Jermuk"]
[Date "2022.06.26"]
[Round "7.1"]
[White "Donchenko, Alexander"]
[Black "Niemann, Hans Moke"]
[Result "1-0"]
[ECO "E11"]
[WhiteElo "2599"]
[BlackElo "2656"]
[Annotator "TA"]
[PlyCount "62"]
[EventDate "2022.06.20"]
[EventType "tourn"]
[EventCountry "ARM"]
[SourceTitle "playchess.com"]
[Source "ChessBase"]
[SourceQuality "1"]
[TimeControl "40/5400+30:1800+30"]

1. d4 Nf6 2. c4 e6 3. g3 d5 4. Bg2 Bb4+ 5. Bd2 Be7 6. Nf3 O-O 7. O-O Nbd7 8. c5 {[%emt 0:00:20] E11: Bogo-Indian.} Ne4 9. Nc3 f5 10. Bf4 {[%emt 0:00:23] [#] The position is equal.} g5 $146 ({Predecessor:} 10... c6 11. Ne5 Qe8 12. Nxd7 Bxd7 13. Be5 Bf6 14. Bxf6 Rxf6 15. e3 g5 16. Nxe4 dxe4 17. Qb3 {0-1 (16) Redin,J-Acosta,A San Sebastian 1996}) 11. Be3 c6 12. Nxe4 fxe4 13. Ne5 Nxe5 14. dxe5 Qe8 15. f3 exf3 16. exf3 Qg6 17. Rf2 Bd7 18. Bf1 Be8 19. b4 Qg7 20. Qd2 Rd8 (20... Bg6 $5 ) 21. a4 Bh5 22. g4 ({White should play} 22. Bh3 $14) 22... d4 $15 {[%emt 0:03:16] Strongly threatening ...Be8.} 23. gxh5 (23. Bxd4 Rf4 24. gxh5 Rdxd4 $17) 23... Qxe5 $2 {[%emt 0:01:34][%mdl 8192] [#] A mistake that costs the game.} (23... dxe3 $11 {and Black stays safe.} 24. Qxe3 Rd5) 24. Bxg5 $1 $18 Bxg5 (24... Qxg5+ $2 25. Rg2 Kh8 26. Rxg5 $18) 25. Rg2 h6 {[%emt 0:03:17] [#] Threatens to win with ...d3.} 26. h4 $1 d3 {[%emt 0:00:07] [#]} 27. Re1 (27. Qe1 Qd4+ 28. Kh2 Rf4 29. Qxe6+ Kh8 30. hxg5 Rh4+ 31. Kg3 Qf4+ 32. Kf2 Qd4+ 33. Kg3 Qf4+ 34. Kf2 Qd4+ 35. Kg3 $11) 27... Qd4+ 28. Qf2 Qc3 $2 (28... d2 29. Rd1 Qc3) 29. Qe3 (29. hxg5 d2 30. Rd1 (30. gxh6+ Kh7 $16) 30... Rxf3 31. Rxd2 Rdf8 $16) 29... Qb3 (29... Qd4 $142 30. Qxd4 (30. hxg5 Qxe3+ 31. Rxe3 d2 $18) 30... Rxd4) 30. hxg5 d2 31. gxh6+ ({Worse is} 31. Qxb3 dxe1=Q 32. Re2 (32. gxh6+ $2 Kh7 $19) 32... Qg3+ 33. Bg2 (33. Rg2 $2 Qe5 $19) 33... Qxg5 34. Rxe6 Qxh5 35. Rxc6+ Rf7 $19) 31... Kh7 {[%emt 0:00:09] Weighted Error Value: White=0.10 (very precise) /Black=0.74} 1-0

[Event "3rd Avagyan Memorial 2022"]
[Site "Jermuk"]
[Date "2022.06.26"]
[Round "7.2"]
[White "Nguyen, Thai Dai Van"]
[Black "Nihal Sarin"]
[Result "1/2-1/2"]
[ECO "E04"]
[WhiteElo "2612"]
[BlackElo "2646"]
[Annotator "TA"]
[PlyCount "99"]
[EventDate "2022.06.20"]
[EventType "tourn"]
[EventCountry "ARM"]
[SourceTitle "playchess.com"]
[Source "ChessBase"]
[SourceQuality "1"]
[TimeControl "40/5400+30:1800+30"]

1. d4 d5 2. c4 e6 3. Nf3 Nf6 4. g3 dxc4 5. Bg2 Nbd7 6. O-O c6 {[%emt 0:00:26] is now debated instead of 6...c5.} 7. a4 a5 8. Qc2 {[%emt 0:01:38] E04: Open Catalan: 5 Nf3.} b5 9. axb5 cxb5 10. Ne5 {[%emt 0:00:15] White is slightly better.} Nd5 11. Nc3 $1 Nxe5 12. dxe5 Qb6 13. Nxd5 exd5 14. Bxd5 Ra7 {[%emt 0:00:03] [#]} 15. Qe4 $146 {[%emt 0:06:46] [#] Strongly threatening Rd1. White is more active.} ({Predecessor:} 15. b3 Bc5 16. bxc4 b4 17. Qe4 O-O 18. Kg2 b3 19. Bb2 a4 20. Ra3 Qh6 21. Rd1 {½-½ (55) Gelfand,B (2663)-Erigaisi,A (2629) Warsaw 2021}) 15... Bc5 16. Bc6+ $1 Bd7 17. Bxd7+ Rxd7 18. Qa8+ Rd8 19. Qxa5 Qc6 20. Qa6 Qxa6 21. Rxa6 Kd7 22. Be3 Bxe3 23. fxe3 $14 {[%emt 0:01:11][%mdl 4096] Endgame KRR-KRR} Rhf8 24. Rb6 Ke7 25. Ra1 Ra8 26. Rxa8 Rxa8 27. Rxb5 {[%emt 0:00:11] KR-KR} Rc8 28. Kf2 c3 29. bxc3 Rxc3 30. Kf3 Ke6 31. h4 Rc1 32. g4 (32. Rb8 $14 {was preferrable.}) 32... Rh1 $11 {[%emt 0:03:30] The position is equal.} 33. h5 g6 34. Kg2 Rh4 35. Kg3 Rh1 36. hxg6 hxg6 37. Kf4 Rf1+ 38. Ke4 Rg1 39. Rb6+ Ke7 40. Kf4 Rg2 41. Rf6 Rxe2 42. g5 Rf2+ 43. Ke4 Rg2 44. Kf4 Rf2+ 45. Kg3 Rf5 46. Rxf5 gxf5 47. Kf3 Kd7 48. Kf4 Ke6 49. e4 fxe4 50. Kxe4 {[%emt 0:00:03] Weighted Error Value: White=0.03 (flawless) /Black=0.03 (flawless)} 1/2-1/2

[Event "3rd Avagyan Memorial 2022"]
[Site "Jermuk"]
[Date "2022.06.26"]
[Round "7.3"]
[White "Tabatabaei, M. Amin"]
[Black "Gharibyan, Mamikon"]
[Result "1-0"]
[ECO "B30"]
[WhiteElo "2650"]
[BlackElo "2487"]
[Annotator "TA"]
[PlyCount "49"]
[EventDate "2022.06.20"]
[EventType "tourn"]
[EventCountry "ARM"]
[SourceTitle "playchess.com"]
[Source "ChessBase"]
[SourceQuality "1"]
[TimeControl "40/5400+30:1800+30"]

1. e4 c5 2. Nf3 Nc6 3. Bc4 e6 4. O-O Nf6 5. Re1 d6 (5... Nxe4 $5 6. Rxe4 d5 7. Bxd5 Qxd5 $11) 6. Bf1 {[%emt 0:01:08] B30: Sicilian: 2...Nc6 3 Bb5, lines without ...g6.} Be7 7. c3 e5 8. d4 {[%emt 0:00:33] The position is equal.} cxd4 9. cxd4 Bg4 {[%emt 0:01:04] [#]} 10. Be3 $146 ({Predecessor:} 10. d5 Nd4 11. Be3 Nxf3+ 12. gxf3 Bd7 13. Qb3 b6 14. Nd2 O-O 15. Bb5 Bxb5 16. Qxb5 {1-0 (28) Sevian,S (2667)-Solberg,J (2181) Helsingor 2019}) 10... exd4 (10... Nxe4 $2 11. d5 $18) 11. Bxd4 O-O 12. Nc3 Nxd4 13. Qxd4 Bxf3 14. gxf3 Qa5 15. f4 {[%emt 0:00:09] Prevents Qg5+.} Bd8 16. Qxd6 Bc7 17. Qd2 Qh5 18. e5 $1 Rad8 19. Qe2 Qf5 {[%emt 0:04:12] This costs Black the game.} (19... Qxe2 $16 20. Rxe2 (20. Bxe2 Nd5 $14) 20... Nd5) 20. exf6 $18 Qxf4 {[%emt 0:00:16][%csl Gc7][%cal Rf4h2] [#]} 21. Bg2 Rd2 22. Qf3 Qxh2+ 23. Kf1 {[%emt 0:00:01] Threatens to win with fxg7.} Bb6 $2 (23... Qf4 {was called for.} 24. Nd5 Qxf3 25. Bxf3 Bd8 26. fxg7 Kxg7) 24. Ne4 Rxb2 25. fxg7 {[%emt 0:00:41] Weighted Error Value: White=0.01 (flawless) /Black=0.30} 1-0

[Event "3rd Avagyan Memorial 2022"]
[Site "Jermuk"]
[Date "2022.06.26"]
[Round "7.4"]
[White "Ter-Sahakyan, Samvel"]
[Black "Sargsyan, Shant"]
[Result "1/2-1/2"]
[ECO "E16"]
[WhiteElo "2640"]
[BlackElo "2641"]
[Annotator "TA"]
[PlyCount "100"]
[EventDate "2022.06.20"]
[EventType "tourn"]
[EventCountry "ARM"]
[SourceTitle "playchess.com"]
[Source "ChessBase"]
[SourceQuality "1"]
[TimeControl "40/5400+30:1800+30"]

1. d4 Nf6 2. c4 e6 3. Nf3 d5 4. g3 Bb4+ 5. Nbd2 O-O 6. Bg2 b6 7. O-O Bb7 8. Ne5 Nc6 {[%emt 0:00:27] 8...a5 gains popularity. E16: Queen's Indian: 4 g3 Bb7 5 Bg2 Bb4+.} 9. Nb1 Bd6 10. Nxc6 Bxc6 {[%emt 0:00:06] [#]} 11. Nc3 $146 ({Predecessor:} 11. Bg5 Be7 12. Nc3 Qd7 13. cxd5 Nxd5 14. Bxe7 Nxe7 15. Bxc6 Nxc6 16. e3 Rfd8 17. Qh5 {½-½ (40) Jacobson,B (2504)-Wang,J (2467) Saint Louis 2021}) 11... h6 12. cxd5 exd5 13. Qb3 Re8 14. Be3 Bf8 15. Bf4 Bd6 16. Be3 Bf8 17. Bf4 Bd6 18. Bxd6 Qxd6 19. Rfc1 Re7 20. a4 a5 21. Nb5 Bxb5 22. Qxb5 Qb4 23. e3 h5 24. Rc6 Qxb5 25. axb5 Ne4 26. Rc2 g6 27. b4 a4 28. Ra3 Kg7 29. Rca2 Rh8 30. Rc2 ({But not} 30. Rxa4 Nc3 $15) 30... Ra8 31. Rca2 Rh8 $1 32. Ra1 ({Don't play} 32. Rxa4 Nc3 $15) 32... h4 33. Rxa4 hxg3 34. hxg3 Nc3 35. Ra8 Rxa8 36. Rxa8 $16 {[%emt 0:00:02][%mdl 4096] Endgame KRB-KRN} Rd7 37. Bf1 Ne4 38. g4 (38. Ra2 $142) 38... f5 39. gxf5 gxf5 40. Re8 Kf6 41. Rf8+ Rf7 42. Rg8 Rg7+ {[%emt 0:00:40] The position is equal.} 43. Rxg7 Kxg7 $11 {[%emt 0:00:03] KB-KN} 44. Kg2 Kf6 45. Bd3 Nc3 $1 46. Kg3 Kg5 47. Kf3 Na2 48. Bc2 Nc3 49. Bd3 Na2 50. Bc2 Nc3 {[%emt 0:00:05] Weighted Error Value: White=0.11 (very precise) /Black=0.03 (flawless)} 1/2-1/2

[Event "3rd Avagyan Memorial 2022"]
[Site "Jermuk"]
[Date "2022.06.26"]
[Round "7.5"]
[White "Petrosyan, Manuel"]
[Black "Martirosyan, Haik M."]
[Result "1/2-1/2"]
[ECO "C11"]
[WhiteElo "2638"]
[BlackElo "2652"]
[Annotator "TA"]
[PlyCount "42"]
[EventDate "2022.06.20"]
[EventType "tourn"]
[EventCountry "ARM"]
[SourceTitle "playchess.com"]
[Source "ChessBase"]
[SourceQuality "1"]
[TimeControl "40/5400+30:1800+30"]

1. e4 e6 2. d4 d5 3. Nc3 Nf6 4. e5 Nfd7 5. f4 c5 6. Nf3 Nc6 7. Be3 cxd4 8. Nxd4 Qb6 9. Qd2 Qxb2 10. Rb1 Qa3 11. Bb5 $1 Nxd4 {[%emt 0:01:09] C11: French: Classical System: 4 e5 and 4 Bg5 dxe4.} 12. Bxd4 {[%emt 0:00:20] Rb3 is the strong threat.} ({Much worse is} 12. Qxd4 a6 13. Bxd7+ Bxd7 14. Rxb7 Rc8 $17) 12... a6 13. Bxd7+ Bxd7 14. Rb3 Qe7 15. Rxb7 Qh4+ {[%emt 0:01:28] seems to push 15...Rc8 aside.} 16. Bf2 Qd8 17. Bb6 Qc8 18. Rc7 Qd8 {[%emt 0:00:15][%cal Of8c5] [#]} 19. Rb7 $146 (19. Qd4 $5 ) ({Predecessor:} 19. Qd4 Ba3 20. Nb1 Be7 21. c4 O-O 22. cxd5 exd5 23. Nc3 Rc8 24. Rxc8 Qxc8 25. O-O Qc6 26. Nxd5 Ba3 27. Rf3 Qc1+ 28. Rf1 Qc6 29. Rf3 Qc1+ 30. Rf1 Qc6 {½-½ (30) So,W (2778)-Grischuk,A (2742) Chess.com INT 2022}) 19... Qc8 20. Rc7 Qd8 21. Rb7 (21. Qd4 $5 ) 21... Qc8 {[%emt 0:00:17] Weighted Error Value: White=0.09 (flawless) /Black=0.04 (flawless)} 1/2-1/2